 Dungeon Crawl Stone Soup version 0.31-a0-818-ge7c7cf74f0 (webtiles) character file.

Game seed: 10473217650182804796

78 Danienth the Sneak (level 4, -1/23 HPs)
             Began as a Spriggan Brigand on Sept 22, 2023.
             Was an Initiate of Fedhas.
             Slain by a sky beast (5 damage)
             ... on level 3 of the Dungeon.
             The game lasted 00:10:28 (2050 turns).

Danienth the Sneak (Spriggan Brigand)               Turns: 2050, Time: 00:10:29

Health: -1/23      AC:  4    Str:  9    XL:     4   Next: 15%
Magic:  5/5        EV: 16    Int: 12    God:    Fedhas [......]
Gold:   37         SH:  0    Dex: 16    Spells: 3/3 levels left

rFire   . . .        n - +1 dagger (speed)
rCold   . . .        (no shield)
rNeg    . . .        b - +0 robe
rPois   .            (helmet restricted)
rElec   .            s - +1 cloak
rCorr   .            (gloves unavailable)
SInv    +            (boots unavailable)
Will    .....        (no amulet)
Stlth   ++++         (no ring)
HPRegen 0.23/turn    (no ring)
MPRegen 0.09/turn

%: no passive effects
@: very quick
A: very small, no large weapons, unfitting armour, see invisible, speed 3
a: Renounce Religion


You were on level 3 of the Dungeon.
You worshipped Fedhas.
Fedhas was noncommittal.
You visited 1 branch of the dungeon, and saw 3 of its levels.

You collected 125 gold pieces.
You spent 88 gold pieces at shops.

Inventory:

Hand Weapons
 a - a +2 dagger
 n - a +1 dagger of speed (weapon)
Missiles
 d - 9 poisoned darts (quivered)
 e - 3 curare-tipped darts
Armour
 b - a +0 robe (worn)
 g - a scarf of invisibility
 i - a +0 buckler
 s - a +1 cloak (worn)
Wands
 h - a wand of quicksilver (7)
Scrolls
 c - a scroll of torment
 j - a scroll of teleportation
 m - 2 scrolls of fog
 o - a scroll of poison {unknown}
 q - a scroll of blinking
Potions
 f - 2 potions of might
 k - 2 potions of heal wounds
 l - a potion of curing
 p - a potion of berserk rage
 r - a potion of degeneration


   Skills:
 * Level 2.1 Fighting
 * Level 3.3 Short Blades
 - Level 2.0 Throwing
 - Level 1.3 Dodging
 + Level 7.3 Stealth


You had 3 spell levels left.
You didn't know any spells.
Your spell library contained the following spells:

 Spells                   Type           Power      Damage    Failure   Level
 Sublimation of Blood     Necr           0%         N/A       45%         2
 Wereblood                Tmut           0%         N/A       45%         2
 Animate Armour           Summ/Erth      0%         N/A       97%         4
 Summon Lightning Spire   Summ/Air       0%         N/A       97%         4
 Lee's Rapid Deconstruct  Erth           0%         3d4*      100%        5
 Summon Hydra             Summ           0%         N/A       100%        7


Dungeon Overview and Level Annotations

Branches:
Dungeon (3/15)

Altars:
Fedhas

Shops:
D:2 ?   D:3 *


Innate Abilities, Weirdness & Mutations

You are very small and have problems with some larger weapons.
You are too small for most types of armour.
You have supernaturally acute eyesight. (SInv)
You cover ground extremely quickly. (Speed+++)


Message History

No target in view!
You see here a +0 dagger.
A dart slug comes into view.
A sky beast comes into view.
You hit the giant cockroach.
You punch the giant cockroach, but do no damage.
The giant cockroach is moderately wounded.
The dart slug launches a dart at you. The slug dart misses you.
You hit the giant cockroach.
The giant cockroach is heavily wounded.
The giant cockroach completely misses you.
You barely miss the giant cockroach.
The giant cockroach is heavily wounded.
The giant cockroach bites you but does no damage.
The dart slug launches a dart at you. The slug dart misses you.
You completely miss the giant cockroach.
The giant cockroach is heavily wounded.
You hit the giant cockroach but do no damage.
The giant cockroach is heavily wounded.
The giant cockroach bites you but does no damage.
You barely miss the giant cockroach.
The giant cockroach is heavily wounded.
The sky beast flickers out of sight for a moment.
The sky beast hits you. The sky beast shocks you.
The giant cockroach bites you.
You hit the giant cockroach.
The giant cockroach is almost dead.
You hit the giant cockroach.
You kill the giant cockroach!
Fedhas appreciates your contribution to the ecosystem.
The sky beast hits you. The sky beast shocks you.
* * * LOW HITPOINT WARNING * * *
You are too injured to fight recklessly!
The sky beast hits you.
* * * LOW HITPOINT WARNING * * *
The sky beast shocks you.
You die...
Fedhas appreciates your contribution to the ecosystem.

.... ........#.. ≈.≈≈
........#. ≈.≈#
........#. §. .........
.≈# ......... ≈§§≈.§≈
........# .§ §..§
......Y†# ≈≈ ≈§≈§
.......@##### .≈# ≈§≈#
.........)..###.≈# ≈.≈
...w....###...#.≈###≈§§#
#.####### ###...§≈≈§≈.§§
# ########.......§....
..........#.≈≈≈≈≈.≈≈
########....≈###≈.≈#
#.##.§# #§§§#
#.##§§###§§§#


You could see a sky beast (invisible) and a dart slug.

Vanquished Creatures
  An adder (D:2)
  5 worms
  2 ball pythons
  7 endoplasms
  3 giant cockroaches
  10 hobgoblins
  2 jackals (D:1)
  5 kobolds
  A bat (D:2)
  2 frilled lizards
  6 goblins
  6 rats
50 creatures vanquished.

Notes
Turn   | Place    | Note
-------+----------+-------------------------------------------
     0 | D:1      | Danienth the Spriggan Brigand began the quest for the Orb.
     0 | D:1      | Reached XP level 1. HP: 10/10 MP: 2/2
    33 | D:1      | Reached skill level 6 in Stealth
   101 | D:1      | Reached XP level 2. HP: 12/15 MP: 3/3
   609 | D:1      | Reached XP level 3. HP: 18/18 MP: 4/4
  1027 | D:2      | Found a blossoming altar of Fedhas.
  1056 | D:2      | Reached skill level 7 in Stealth
  1124 | D:2      | Became a worshipper of Fedhas Madash
  1440 | D:2      | Found Acsuvaidgh's Magic Scroll Boutique.
  1464 | D:2      | Bought a scroll of identify for 22 gold pieces
  1464 | D:2      | Bought a scroll of identify for 22 gold pieces
  1464 | D:2      | Bought a scroll of identify for 22 gold pieces
  1464 | D:2      | Bought a scroll of identify for 22 gold pieces
  1832 | D:3      | Found Ytsoby's General Store.
  1889 | D:3      | Reached XP level 4. HP: 23/23 MP: 5/5
  2041 | D:3      | Noticed a sky beast
  2050 | D:3      | Slain by a sky beast

Illustrated notes

Levels and vault maps discovered:
D:1:      minmay_arrival_radiant_lines, layout_basic, serial_forest,
          infiniplex_forest_clump_double, infiniplex_forest_clump_double,
          infiniplex_forest_fountain, infiniplex_forest_zigzag_1,
          infiniplex_forest_corner_2, infiniplex_forest_pool,
          infiniplex_forest_lined_2, infiniplex_forest_lined_4_way,
          infiniplex_forest_lined_2, infiniplex_forest_straight_2
D:2:      layout_rooms, serial_shops, shop, basic_altar,
          kennysheep_generic_room_6
D:3:      layout_rooms, serial_shops, shop, kennysheep_boxes

Skill      XL: |  1  2  3 |
---------------+----------+-----
Stealth        | 6 7 |  7.3
Fighting       | 2 |  2.1
Short Blades   | 3 |  3.3
Throwing       | |  2.0
Dodging        | |  1.3

Action                     |  1- 3 |  4- 6 || total
---------------------------+-------+-------++-------
  Melee: Dagger            |   163 |    12 ||   175
         Punch             |     1 |     1 ||     2
    Use: Scroll            |    10 |       ||    10
   Stab: Sleeping          |    14 |     4 ||    18
         Distracted        |     1 |       ||     1
 Armour: Robe              |    29 |     6 ||    35
  Dodge: Dodged            |    71 |     3 ||    74

Table legend: (Time is in decaauts)
 A = Elapsed time spent in this place.
 B = Non-inter-level travel time spent in this place.
 C = Inter-level travel time spent in this place.
 D = Time resting spent in this place.
 E = Time spent auto-exploring this place.
 F = Levels seen in this place.
 G = Mean time per level.
                   A        B        C        D        E       F      G
               +--------+--------+--------+--------+--------+-----+--------+
         Total |   1325 |   1141 |    184 |     44 |    771 |   3 |  441.7 |
       Dungeon |   1325 |   1141 |    184 |     44 |    771 |   3 |  441.7 |
               +--------+--------+--------+--------+--------+-----+--------+

Top non-repeatable levels by time:
     D:1: 741 daAuts
     D:2: 415 daAuts
     D:3: 168 daAuts
